 Dungeon Crawl Stone Soup version 0.28-a0-479-g5baa6b73be (webtiles) character file.

Game seed: 1289789231968050195

250 speeev33 the Vandal (level 5, -1/70 HPs)
             Began as a Minotaur Hunter on Sept 19, 2021.
             Slain by a scorpion (4 damage)
             ... on level 3 of the Dungeon.
             The game lasted 00:04:29 (3019 turns).

speeev33 the Vandal (Minotaur Hunter)               Turns: 3019, Time: 00:04:32

Health: -1/70      AC: 22    Str: 18    XL:     5   Next: 88%
Magic:  4/4        EV:  2    Int:  8    God:
Gold:   116        SH:  7    Dex: 10    Spells: 4/4 levels left

rFire   . . .      SeeInvis .   l - +4 hunting sling
rCold   . . .      Faith    .   o - +0 kite shield
rNeg    + + +      Spirit   .   (armour currently unavailable)
rPois   +          Reflect  .   (helmet currently unavailable)
rElec   .          Harm     .   (cloak currently unavailable)
rCorr   .          Rampage  .   (gloves currently unavailable)
Will    .....      NoTele   +   (boots currently unavailable)
Stlth   +.........              (no amulet)
HPRegen 0.21/turn               a - ring of positive energy
MPRegen 0.09/turn               (no ring)

@: tree-form, attractive, very slightly contaminated, invisible
A: stationary, stasis, torment immunity, boosted hp, (horns 2), (retaliatory
headbutt)
a: no special abilities


You were on level 3 of the Dungeon.
You were a tree.
You visited 1 branch of the dungeon, and saw 4 of its levels.

You collected 197 gold pieces.
You spent 81 gold pieces at shops.

Inventory:

Hand Weapons
 b - a +0 short sword
 l - a +4 hunting sling (weapon)
Missiles
 d - 19 sling bullets
 e - 55 stones (quivered ammo)
Armour
 c - a +0 pair of gloves (melded)
 g - a +0 chain mail (melded)
 o - a +0 kite shield (worn)
Jewellery
 a - a ring of positive energy (left branch)
Potions
 m - a potion of lignification


   Skills:
 + Level 4.8 Fighting
 + Level 5.8 Slings
 + Level 2.4 Armour
 - Level 2.1 Dodging
 - Level 0.7 Stealth
 + Level 2.3 Shields


You had 4 spell levels left.
You didn't know any spells.
Your spell library contained the following spells:

 Spells                   Type           Power      Damage    Failure   Level
 Summon Small Mammal      Summ           0%         N/A       92%         1
 Call Canine Familiar     Summ           0%         N/A       100%        3
 Summon Guardian Golem    Hex/Summ       0%         N/A       100%        3


Dungeon Overview and Level Annotations

Branches:
Dungeon (4/15)
 Temple: D:4-7

Altars:
Elyvilon
Zin
The Shining One

Shops:
D:2 [


Innate Abilities, Weirdness & Mutations

You are a tree.
Your roots penetrate the ground, keeping you stationary.
You cannot be teleported.
You are immune to unholy pain and torment.
Your maximum health is greatly increased.
Your equipment is partially melded.
((You have a pair of horns on your head.))
((You reflexively headbutt those who attack you in melee.))


Message History

You fly up into the air.
You feel sick. The scorpion stings you.
* * * LOW HITPOINT WARNING * * *
You aren't carrying any scrolls.
It was a potion of invisibility.
You fade into invisibility!
You feel sick.
The scorpion stings you but does no damage.
You are very lightly contaminated with residual magic.
You aren't carrying any scrolls.
Really quaff the potion of lignification?
You turn into a tree.
Your +0 pair of gloves melds into your body.
Your +0 chain mail melds into your body.
Your roots penetrate the ground.
You feel sick. The scorpion barely misses you. x2
You are too injured to fight recklessly!
You are too injured to fight recklessly!
You are too injured to fight recklessly!
You are too injured to fight recklessly!
Fire: 58 stones
Press: ? - help, Q - select action, (/) - cycle Shift-Dir - straight line, f/p - scorpion
Aim: a scorpion (moderately wounded, 65% to hit)
You shoot a stone. The stone hits the scorpion.
The scorpion is heavily wounded.
You feel sick. The scorpion stings you.
* * * LOW HITPOINT WARNING * * *
Fire: 57 stones
Press: ? - help, Q - select action, (/) - cycle Shift-Dir - straight line, f/p - scorpion
Aim: a scorpion (heavily wounded, 64% to hit)
You shoot a stone. The stone hits the scorpion.
The scorpion is severely wounded.
You feel sick.
You are no longer poisoned.
The scorpion stings you but does no damage.
Fire: 56 stones
Press: ? - help, Q - select action, (/) - cycle Shift-Dir - straight line, f/p - scorpion
Aim: a scorpion (severely wounded, 65% to hit)
You shoot a stone. The stone hits the scorpion.
The scorpion is almost dead.
The scorpion stings you.
You die...

#.....# #######.# #.#####
###.....# #..(..#.# #.# ..#.....#
#.....#.# #.# ..#.....# #.....#.#
#.#####
..#.....######.....#.######......
..#.......................#######
..#...........................[..
###.............s..)........#####
................♣................
...#........................#####
...#...)....................#
...###........##.#..........#
..............##.#..........#
.................#..........#
..............##.#..........#
.......####..........########
.......# #..........#


You could see a scorpion.

Vanquished Creatures
  A scorpion (D:2)
  A hound (D:4)
  Jessica (D:3)
  Natasha (twice) (D:2)
  2 adders (D:2)
  2 dart slugs
  2 orcs
  3 ball pythons
  6 endoplasms
  A giant cockroach (D:1)
  7 goblins
  7 hobgoblins
  4 quokkas
  A bat (D:3)
  3 frilled lizards
  4 kobolds
  5 rats
52 creatures vanquished.

Vanquished Creatures (collateral kills)
  An adder (D:2)
  A ball python (D:2)
2 creatures vanquished.

Grand Total: 54 creatures vanquished

Notes
Turn   | Place    | Note
-------+----------+-------------------------------------------
     0 | D:1      | speeev33 the Minotaur Hunter began the quest for the Orb.
     0 | D:1      | Reached XP level 1. HP: 18/18 MP: 0/0
   264 | D:1      | Reached XP level 2. HP: 26/26 MP: 1/1
  1115 | D:2      | Reached skill level 5 in Slings
  1115 | D:2      | Reached XP level 3. HP: 31/31 MP: 2/2
  1321 | D:2      | Found Qeureoraiff's Antique Armour Shoppe.
  1330 | D:2      | Bought a kite shield for 81 gold pieces
  1408 | D:2      | Noticed Natasha
  1413 | D:2      | Killed Natasha
  1414 | D:2      | Reached XP level 4. HP: 40/40 MP: 3/3
  1424 | D:2      | Noticed Natasha
  1438 | D:2      | Killed Natasha
  1439 | D:2      | Reached skill level 1 in Armour
  1439 | D:2      | Reached skill level 1 in Shields
  1730 | D:3      | Noticed a scorpion
  1746 | D:2      | HP: 2/40 [poisoned by a scorpion]
  1995 | D:2      | Killed a scorpion
  1996 | D:2      | Reached XP level 5. HP: 32/47 MP: 4/4
  2491 | D:3      | Found a white marble altar of Elyvilon.
  2491 | D:3      | Found a glowing silver altar of Zin.
  2492 | D:3      | Found a glowing golden altar of the Shining One.
  2762 | D:3      | Noticed Jessica
  2764 | D:3      | Killed Jessica
  3017 | D:3      | HP: 3/70 [scorpion (4)]
  3019 | D:3      | Slain by a scorpion

Illustrated notes

Levels and vault maps discovered:
D:1:      minmay_arrival_stone_box, layout_basic, minmay_tromino_v4_a
D:2:      layout_rooms, serial_shops, shop, uniq_natasha
D:3:      layout_basic, good_gods_mini_temple, hex_intersection, uniq_jessica
D:4:      layout_basic, chequers_decorated_corner, st_stairs_13

Skill      XL: |  1  2  3  4  5 |
---------------+----------------+-----
Fighting       | 3 4 |  4.8
Slings         | 5 |  5.8
Armour         | 1 2 |  2.4
Shields        | 1 2 |  2.3
Dodging        | |  2.1
Stealth        | |  0.7

Action                   |  1- 3 |  4- 6 || total
-------------------------+-------+-------++-------
 Fire: Hunting sling     |   109 |    79 ||   188
  Use: Scroll            |     4 |     2 ||     6
       Potion            |       |     5 ||     5
Armor: Ring mail         |    14 |    15 ||    29
       Chain mail        |       |     7 ||     7
       Skin              |       |     1 ||     1
Dodge: Dodged            |    19 |    18 ||    37
Block: Kite shield       |       |    14 ||    14

Table legend: (Time is in decaauts)
 A = Elapsed time spent in this place.
 B = Non-inter-level travel time spent in this place.
 C = Inter-level travel time spent in this place.
 D = Time resting spent in this place.
 E = Time spent auto-exploring this place.
 F = Levels seen in this place.
 G = Mean time per level.
                   A        B        C        D        E       F      G
               +--------+--------+--------+--------+--------+-----+--------+
         Total |   3032 |   2864 |    168 |    158 |   2284 |   4 |  758.0 |
       Dungeon |   3032 |   2864 |    168 |    158 |   2284 |   4 |  758.0 |
               +--------+--------+--------+--------+--------+-----+--------+

Top non-repeatable levels by time:
     D:1: 1258 daAuts
     D:3: 907 daAuts
     D:2: 856 daAuts
     D:4: 9 daAuts
